 Dungeon Crawl Stone Soup version 0.25-a0-404-gc1b5a34292 (webtiles) character file.

Game seed: 15373821726953191477, levelgen mode: deterministic

260089 FessEmpty the Unseen (level 21, -6/125 HPs)
             Began as a Kobold Enchanter on Jan 8, 2020.
             Was the Champion of Ashenzari.
             Mangled by a spriggan defender
             ... wielding a +2 demon whip of freezing
             ... led by the Enchantress
              (27 damage)
             ... on level 15 of the Dungeon on Jan 11, 2020.
             The game lasted 04:45:34 (42499 turns).

FessEmpty the Unseen (Kobold Enchanter)            Turns: 42499, Time: 04:45:34

Health: -6/125     AC: 16    Str: 12    XL:     21   Next: 19%
Magic:  31/33      EV: 36    Int: 19    God:    Ashenzari [******]
Gold:   1384       SH: 11    Dex: 20    Spells: 3/45 levels left

rFire    + + .     SeeInvis +   V - +6 rapier (speed) (curse)
rCold    . . .     Gourm    .   f - +3 buckler {rF+} (curse)
rNeg     . . .     Faith    .   w - +3 troll leather armour (curse)
rPois    .         Spirit   .   m - +1 helmet (curse)
rElec    .         Reflect  .   X - +0 cloak
rCorr    .         Harm     .   F - +2 pair of gloves {Dex+3} (curse)
MR       +....     Clarity  +   Z - +2 pair of boots
Stlth    +++++++...             q - amulet of Vitality {Regen+ HP+15} (curse)
HPRegen  1.10/turn              I - +6 ring of evasion (curse) {=R}
MPRegen  0.23/turn              L - ring of Contentment {rF+ Str+7}

@: drained
A: small, carnivore, clumsy 1, dopey 1, frail 1, low mp 1, weak 1
}: 1/15 runes: decaying
a: Curse Item, Scrying, Transfer Knowledge, Renounce Religion


You were on level 15 of the Dungeon.
You worshipped Ashenzari.
Ashenzari was exalted by your worship.
You were very full.

You visited 6 branches of the dungeon, and saw 33 of its levels.
You also visited: Gauntlet and Volcano.

You collected 4192 gold pieces.
You spent 2808 gold pieces at shops.

Inventory:

Hand Weapons
 V - a cursed +6 rapier of speed (weapon)
Missiles
 k - 49 poisoned darts (quivered)
 S - 8 atropa-tipped darts
Armour
 f - a cursed +3 buckler of fire resistance (worn)
 m - a cursed +1 helmet (worn)
 w - a cursed +3 troll leather armour (worn)
 A - a +2 robe of magic resistance
 F - a cursed +2 pair of gloves of dexterity (worn)
 X - a +0 cloak (worn)
 Z - a +2 pair of boots (worn)
Jewellery
 q - the cursed amulet of Vitality (around neck) {Regen+ HP+15}
   (You found it on level 6 of the Lair of Beasts)

   [amulet of regeneration]

   It affects your health (+15).
   It increases your rate of regeneration.
   It has a curse placed upon it.
 s - an uncursed ring of poison resistance
 H - an uncursed ring of protection from magic
 I - a cursed +6 ring of evasion (left hand) {=R}
 J - an uncursed ring of resist corrosion
 L - the ring of Contentment (right hand) {rF+ Str+7}
   (You found it in a Gauntlet)

   [ring of protection from fire]

   It affects your strength (+7).
   It protects you from fire.
Wands
 c - a wand of paralysis (9)
 v - a wand of polymorph (7)
 y - a wand of flame (9)
 B - a wand of iceblast (3)
 G - a wand of scattershot (4)
 K - a wand of digging (8)
 T - a wand of enslavement (3)
Scrolls
 b - 3 scrolls of fear
 g - 9 scrolls of immolation
 j - a scroll of holy word
 o - 8 scrolls of remove curse
 p - 6 scrolls of amnesia
 z - 4 scrolls of blinking
 D - 5 scrolls of fog
 P - 2 scrolls of teleportation
 R - 3 scrolls of magic mapping
 Y - a scroll of enchant armour
Potions
 a - 2 potions of resistance
 e - 8 potions of brilliance
 h - 5 potions of might
 i - 9 potions of agility
 n - 13 potions of curing
 r - 2 potions of heal wounds
 t - 6 potions of berserk rage
 u - 2 potions of haste
 x - 5 potions of flight
 C - 3 potions of mutation
 E - a potion of invisibility
 M - 2 potions of cancellation
 N - a potion of degeneration {unknown}
 O - 4 potions of ambrosia
 W - 2 potions of magic
Miscellaneous
 Q - a lightning rod (4/4)
Comestibles
 d - 74 rations


   Skills:
 - Level 10.4(9.4) Fighting
 + Level 17.6(20.1) Short Blades
 + Level 16.5(17.8) Dodging
 + Level 18.0(19.2) Stealth
 - Level 5.7(7.9) Shields
 - Level 12.6(11.6) Spellcasting
 * Level 12.1(13.7) Conjurations
 + Level 14.3(15.8) Hexes
 - Level 3.5(5.4) Translocations
 - Level 2.0(3.4) Transmutations
 - Level 8.8(10.8) Earth Magic
 - Level 8.0(10.1) Evocations


You had 3 spell levels left.
You knew the following spells:

 Your Spells              Type           Power        Failure   Level  Hunger
a - Apportation           Tloc           ####..       1%          1    None
b - Passage of Golubria   Tloc           N/A          9%          4    ##.....
c - Confusing Touch       Hex            ######..     1%          3    None
d - Dazzling Flash        Conj/Hex       ######       1%          3    None
e - Leda's Liquefaction   Hex/Erth       ######....   1%          4    ##.....
f - Invisibility          Hex            ######..     1%          6    ######.
g - Passwall              Tmut/Erth      #####...     1%          2    None
h - Iron Shot             Conj/Erth      ######....   8%          6    ######.
i - Orb of Destruction    Conj           ######....   24%         7    #######
j - Blink                 Tloc           N/A          1%          2    None
k - Fulminant Prism       Conj/Hex       ######....   1%          4    ##.....

Your spell library contained the following spells:

 Spells                   Type           Power        Failure   Level  Hunger
 Corona                   Hex            ######.      0%          1    None
 Beastly Appendage        Tmut           ###...       1%          1    None
 Foxfire                  Conj/Fire      ####         1%          1    None
 Magic Dart               Conj           ####         1%          1    None
 Shock                    Conj/Air       ####         1%          1    None
 Ensorcelled Hibernation  Hex/Ice        #####.       1%          2    None
 Searing Ray              Conj           ######       1%          2    None
 Spectral Weapon          Hex/Chrm       #####...     1%          3    None
 Static Discharge         Conj/Air       #####...     1%          3    None
 Tukima's Dance           Hex            ######..     1%          3    None
 Gell's Gravitas          Tloc           ####......   2%          3    None
 Lesser Beckoning         Tloc           ####......   2%          3    None
 Teleport Other           Tloc           ####....     2%          3    None
 Sticks to Snakes         Tmut           ###.....     3%          2    None
 Shroud of Golubria       Chrm/Tloc      ###...       4%          2    None
 Animate Skeleton         Necr           N/A          9%          1    None
 Freeze                   Ice            ##..         9%          1    None
 Infusion                 Chrm           ##..         9%          1    None
 Summon Butterflies       Summ           ##......     9%          1    None
 Summon Small Mammal      Summ           ##..         9%          1    None
 Song of Slaying          Chrm           ##......     12%         2    None
 Swiftness                Chrm/Air       ##......     12%         2    None
 Spider Form              Tmut/Pois      ###.......   12%         3    None
 Ignite Poison            Fire/Tmut/Pois ###.....     16%         3    None
 Call Canine Familiar     Summ           ##......     24%         3    None
 Ozocubu's Armour         Chrm/Ice       ##......     24%         3    None
 Iskenderun's Mystic Bla  Conj/Tloc      #####...     1%          4    ##.....
 Darkness                 Hex            ######....   1%          6    ######.
 Lee's Rapid Deconstruct  Erth           ######....   2%          5    ####...
 Hailstorm                Conj/Ice       #####...     4%          4    ##.....
 Petrify                  Tmut/Erth      #####...     4%          4    ##.....
 Bolt of Magma            Conj/Fire/Erth #####.....   8%          5    ####...
 Summon Mana Viper        Hex/Summ       #####...     9%          5    ####...
 Iskenderun's Battlesphe  Conj/Chrm      #####...     13%         5    ####...
 Lightning Bolt           Conj/Air       #####.....   13%         5    ####...
 Ice Form                 Ice/Tmut       ###.....     36%         4    ##.....
 Blade Hands              Tmut           ###.......   47%         5    ####...
 Statue Form              Tmut/Erth      #####....    54%         6    ######.
 Airstrike                Air            ##........   63%         4    ##.....
 Summon Ice Beast         Ice/Summ       ##......     63%         4    ##.....
 Excruciating Wounds      Chrm/Necr      ##........   92%         5    ####...
 Eringya's Noxious Bog    Tmut/Pois      ###.......   99%         6    ######.
 Spellforged Servitor     Conj/Summ      #####.....   99%         7    #######
 Ring of Flames           Chrm/Fire      ##........   100%        7    #######
 Summon Hydra             Summ           ##........   100%        7    #######


Dungeon Overview and Level Annotations

Branches:
Dungeon (15/15)            Temple (0/1) D:6            Lair (6/6) D:10
  Swamp (4/4) Lair:4        Snake (0/4) Lair:4        Slime (0/5) Lair:5
    Orc (2/2) D:12            Elf (0/3) Orc:2        Vaults (5/5) D:13
  Crypt (0/3) Vaults:3     Depths (1/5) D:15        Volcano (visited)
Gauntlet (visited)

Altars:
Ashenzari
Cheibriados
Dithmenos
Hepliaklqana
Makhleb
Nemelex Xobeh
Okawaru
Qazlal
Xom
Yredelemnul
Zin
The Shining One
Beogh
Jiyva

Shops:
D:7 *   D:8 (   D:9 (   D:12 :   D:14 :   Orc:2 %!?(*   Vaults:2 *

Annotations:
D:4 3 runed translucent doors, night's ghost, amateur GrAs
Swamp:3 1 runed translucent door, Borgoz's ghost, adept GrBe


Innate Abilities, Weirdness & Mutations

You are small and have problems with some larger weapons.
You are carnivorous and can eat meat at any time.
You are clumsy. (Dex -2)
You are dopey. (Int -2)
You are frail. (-10% HP)
Your magical capacity is low. (-10% MP)
You are weak. (Str -2)


Message History

Your magical contamination has completely faded away.
You start resting.
You feel yourself speed up.
You start resting.
Magic restored.
You climb downwards.
Welcome back to the Depths!
Level annotation: the Enchantress The spriggan barely misses you.
The spriggan misses you.
A spriggan air mage comes into view.
The Enchantress shouts!
There is a staircase back to the Dungeon here.
Throwing (i - inventory. (/) - cycle)
k - 49 poisoned darts (quivered)
Press: ? - help, Shift-Dir - straight line,
f - the Enchantress
Aim: the Enchantress, wielding a +2 lajatang of speed and wearing the +2 faerie dragon scales {rF++ rCorr Int+4 Dex-4 Clar} (deflecting missiles)
Okay, then.
Evoke which item? (* to show all) (? for menu, Esc to quit)
Aiming: Phantom Mirror
Press: ? - help, Dir - move target cursor,
f - the Enchantress
Aim: the Enchantress, wielding a +2 lajatang of speed and wearing the +2 faerie dragon scales {rF++ rCorr Int+4 Dex-4 Clar} (deflecting missiles)
You reflect the Enchantress with the mirror, and the mirror shatters!
The spriggan air mage shouts!
You hear a shout! x2
The Enchantress hits the Enchantress with a +2 lajatang of speed!!
The Enchantress completely misses you. The spriggan completely misses you.
The spriggan closely misses you.
Throwing (i - inventory. (/) - cycle)
k - 49 poisoned darts (quivered)
Press: ? - help, Shift-Dir - straight line, f/p - the Enchantress
Aim: the Enchantress, wielding a +2 lajatang of speed and wearing the +2 faerie dragon scales {rF++ rCorr Int+4 Dex-4 Clar} (moderately wounded, deflecting missiles)
Okay, then.
Quiver which item? (- for none, * to show all) (? for menu, Esc to quit)
Quivering
U - a throwing net for throwing.
Throwing (i - inventory. (/) - cycle)
U - a throwing net (quivered)
Press: ? - help, Shift-Dir - straight line, f/p - the Enchantress
Aim: the Enchantress, wielding a +2 lajatang of speed and wearing the +2 faerie dragon scales {rF++ rCorr Int+4 Dex-4 Clar} (moderately wounded, deflecting missiles)
You throw a throwing net.
The Enchantress deflects the throwing net!
Something hits the Enchantress!!
The Enchantress misses the Enchantress.
The Enchantress gestures wildly while chanting.
You feel momentarily confused.
The Enchantress resists with almost no effort.
You block the spriggan's attack. The spriggan misses you.
Something hits the Enchantress!
The Enchantress misses the Enchantress.
Evoke which item? (* to show all) (? for menu, Esc to quit)
Aiming: Scattershot
Press: ? - help, Shift-Dir - straight line, f/p - the Enchantress
Aim: the Enchantress, wielding a +2 lajatang of speed and wearing the +2 faerie dragon scales {rF++ rCorr Int+4 Dex-4 Clar} (moderately wounded, deflecting missiles) Really scattershot near your ally Enchantress?
The burst of metal fragments hits the Enchantress but does no damage.
The burst of metal fragments hits the Enchantress.
The burst of metal fragments hits the Enchantress but does no damage.
The Enchantress is moderately wounded. x2
You hear a shout!
Something barely misses the Enchantress.
You block the Enchantress's attack.
The spriggan air mage waves its arms in wide circles.
The air twists around and strikes you! The spriggan hits you with a +0 rapier!
The spriggan completely misses you.
The Enchantress misses the Enchantress.
Something hits the Enchantress!!
Evoke which item? (* to show all) (? for menu, Esc to quit)
Aiming: Scattershot
Press: ? - help, Shift-Dir - straight line, f/p - the Enchantress
Aim: the Enchantress, wielding a +2 lajatang of speed and wearing the +2 faerie dragon scales {rF++ rCorr Int+4 Dex-4 Clar} (moderately wounded, deflecting missiles) Really scattershot near your ally Enchantress?
The burst of metal fragments hits the spriggan berserker!
The burst of metal fragments hits the Enchantress but does no damage.
The burst of metal fragments hits the spriggan berserker!
The burst of metal fragments hits the spriggan air mage!
The burst of metal fragments hits the Enchantress.
The Enchantress is moderately wounded.
The spriggan berserker is moderately wounded.
The spriggan air mage is moderately wounded.
The Enchantress is severely wounded.
The Enchantress gestures at you while chanting.
You resist with some effort.
Something completely misses the Enchantress.
You block the spriggan's attack. The spriggan completely misses you.
The Enchantress gestures wildly while chanting.
The Enchantress easily resists.
The spriggan defender resists with almost no effort.
The spriggan air mage resists with almost no effort.
The spriggan berserker resists with almost no effort.
The spriggan appears confused.
The spriggan resists with some effort.
The spriggan air mage resists with almost no effort.
The spriggan air mage waves its arms in wide circles.
The air twists around and strikes you!
The spriggan air mage waves its arms in wide circles.
The air twists around and strikes you!
Evoke which item? (* to show all) (? for menu, Esc to quit)
Okay, then.
Evoke which item? (* to show all) (? for menu, Esc to quit)
Aiming: Scattershot
Press: ? - help, Shift-Dir - straight line, f/p - the Enchantress
Aim: the Enchantress, wielding a +2 lajatang of speed and wearing the +2 faerie dragon scales {rF++ rCorr Int+4 Dex-4 Clar} (moderately wounded, deflecting missiles) Really scattershot near your ally Enchantress?
The burst of metal fragments hits the Enchantress!
The spriggan defender blocks the burst of metal fragments.
The burst of metal fragments hits the Enchantress.
The Enchantress is heavily wounded.
The spriggan air mage is moderately wounded.
The Enchantress is severely wounded.
Something misses the Enchantress.
You block the Enchantress's attack.
Something closely misses the spriggan berserker.
The spriggan completely misses you.
Something completely misses the Enchantress.
You block the spriggan's attack.
The spriggan air mage completely misses the Enchantress.
The Enchantress completely misses the Enchantress.
The spriggan air mage waves its arms in wide circles.
The air twists around and strikes you! The Enchantress completely misses you.
Evoke which item? (* to show all) (? for menu, Esc to quit)
Aiming: Scattershot
Press: ? - help, Shift-Dir - straight line, f/p - the Enchantress
Aim: the Enchantress, wielding a +2 lajatang of speed and wearing the +2 faerie dragon scales {rF++ rCorr Int+4 Dex-4 Clar} (heavily wounded, deflecting missiles) Really scattershot near your ally Enchantress?
The burst of metal fragments hits the spriggan defender!
The burst of metal fragments hits the Enchantress!
The burst of metal fragments hits the Enchantress.
The burst of metal fragments hits the spriggan defender!
The burst of metal fragments hits the Enchantress. x2
The Enchantress is severely wounded.
The spriggan defender is moderately wounded.
The spriggan air mage is moderately wounded.
The Enchantress is severely wounded.
The Enchantress completely misses the Enchantress.
You block the spriggan's attack. The Enchantress completely misses you.
Evoke which item? (* to show all) (? for menu, Esc to quit)
Aiming: Scattershot
Press: ? - help, Shift-Dir - straight line, f/p - the Enchantress
Aim: the Enchantress, wielding a +2 lajatang of speed and wearing the +2 faerie dragon scales {rF++ rCorr Int+4 Dex-4 Clar} (severely wounded, deflecting missiles) Really scattershot near your ally Enchantress?
The burst of metal fragments hits the Enchantress.
The burst of metal fragments hits the Enchantress!
The burst of metal fragments hits the spriggan berserker!!
The burst of metal fragments hits the Enchantress!
The burst of metal fragments hits the Enchantress but does no damage. x2
The Enchantress is severely wounded.
The spriggan berserker is severely wounded.
The Enchantress is severely wounded.
The Enchantress shimmers and vanishes!
The spriggan berserker utters an invocation to Trog.
The polar bear goes berserk!
The spriggan misses you.
Something misses the spriggan air mage.
The Enchantress misses you. You block the spriggan's attack.
Evoke which item? (* to show all) (? for menu, Esc to quit)
Aiming: Scattershot
Press: ? - help, Shift-Dir - straight line, f/p - the Enchantress
Aim: the Enchantress, wielding a +2 lajatang of speed and wearing the +2 faerie dragon scales {rF++ rCorr Int+4 Dex-4 Clar} (severely wounded, deflecting missiles)
The burst of metal fragments hits the spriggan berserker!
The burst of metal fragments hits the Enchantress.
The Enchantress is no longer deflecting missiles.
The burst of metal fragments hits the Enchantress but does no damage.
The burst of metal fragments hits the Enchantress!
The Enchantress is almost dead.
The spriggan berserker is almost dead.
The spriggan air mage is moderately wounded.
You hear a shout!
The spriggan air mage waves its arms in wide circles.
The air twists around and strikes you!
The spriggan barely misses the spriggan.
The spriggan defender completely misses you.
The Enchantress barely misses you. The spriggan completely misses you.
Evoke which item? (* to show all) (? for menu, Esc to quit)
Aiming: Scattershot
Press: ? - help, Shift-Dir - straight line, f/p - the Enchantress
Aim: the Enchantress, wielding a +2 lajatang of speed and wearing the +2 faerie dragon scales {rF++ rCorr Int+4 Dex-4 Clar} (almost dead)
The burst of metal fragments hits the polar bear.
The burst of metal fragments hits the Enchantress. x3
The burst of metal fragments hits the Enchantress!
You kill the Enchantress!
The polar bear is lightly wounded.
The spriggan defender completely misses you.
The spriggan air mage waves its arms in wide circles.
The air twists around and strikes you. The spriggan completely misses you.
The spriggan defender hits you with a +2 demon whip of freezing!!
* * * LOW HITPOINT WARNING * * *
The spriggan defender freezes you.
* * * LOW HITPOINT WARNING * * *
You feel much better.
You block the spriggan defender's attack.
The spriggan misses you.
The spriggan air mage waves its arms in wide circles.
The air twists around and strikes you!!
* * * LOW HITPOINT WARNING * * *
The spriggan defender misses you.
The spriggan berserker invokes Trog's protection!
The spriggan defender completely misses you.
The spriggan seems less confused.
You block the spriggan defender's attack.
You block the spriggan's attack. The spriggan completely misses you.
The spriggan defender misses you.
The spriggan defender barely misses you.
The spriggan berserker utters an invocation to Trog.
The spriggan berserker goes berserk!
The polar bear rages.
You climb upwards.
Welcome back to the Dungeon!
There is a staircase to the Depths here.
Casting: Passwall (safe; 1% risk of failure)
Confirm with . or Enter, or press ? or * to list all spells.
You blink.
You block the spriggan defender's attack.
The spriggan defender hits you with a +2 demon whip of freezing!!
You die...

#....#.## ###.#####.##(#####
#....#.# #...# #.##.....(
##......# #.#######.##[#[(((
......##########...........[.[#.#
..............###.######..)))#..#
.......########.###..#.##.(###.##
..<....# #...##.....#.#....#
.......#######.i..#.##.##.#.####
............#§.i@...##..#...#
.......###..##.i..###...#.###
......####.###...###..###.####
.......#.?.####.####.###.....##
..[....#....#######..÷##.....^##
......)####......#.....#.))....##
.......# ########.....#.......##
....)..# ##...##.........
......## ##.##......^.##


You could see 2 spriggan defenders and a spriggan.

Vanquished Creatures
  the Enchantress (Depths:1)
  A tentacled monstrosity (Vaults:3)
  2 sphinxes
  2 tengu reavers
  3 fire giants
  A revenant (Vaults:3)
  7 vault wardens
  A frost giant (Vaults:3)
  A deep elf sorcerer (Vaults:2)
  4 very ugly things
  A spriggan defender (Depths:1)
  5 stone giants
  11 ironheart preservers
  The ghost of night the Fighter, a journeyman DrVM of Gozag (Lair:4)
  A vampire knight (Vaults:3)
  A deep elf annihilator (Vaults:4)
  A minotaur (Lair:4)
  7 yaktaur captains
  Josephine (D:10)
  3 deep elf death magi
  Snorg (Lair:3)
  3 fire dragons
  A rakshasa (D:15)
  9 vault guards
  2 ice dragons
  Harold (Lair:1)
  13 hydras
  A catoblepas (Lair:4)
  2 shambling mangroves
  12 alligators
  A ghost crab (Swamp:4)
  13 ogre magi
  5 centaur warriors
  33 two-headed ogres
  A tengu warrior (D:14)
  A death yak (Lair:4)
  2 death knights
  A two-headed ogre (shapeshifter) (D:15)
  An orc high priest (Orc:2)
  5 spriggans
  4 deep elf knights
  21 skeletal warriors
  6 unseen horrors
  7 swamp dragons
  4 deep trolls
  8 wizards
  A wolf spider zombie (D:13)
  A glowing orange brain (D:15)
  3 spriggan druids
  15 ironbrand convokers
  2 deep elf archers (Vaults:4)
  3 harpies (Vaults:3)
  5 spectral hydras (Swamp:4)
  5 phantasmal warriors
  Pikel (D:7)
  18 orc knights
  2 wolf spiders
  10 deep elf magi
  15 ugly things
  An orb spider (shapeshifter) (D:13)
  4 necromancers
  2 stone giant zombies
  5 oklob plants
  3 orc sorcerers
  9 cyclopes
  3 manticores
  Joseph (D:8)
  2 salamanders (shapeshifter)
  A manticore (shapeshifter) (Vaults:3)
  2 stone giant skeletons
  2 torpor snails
  A torpor snail (shapeshifter) (D:15)
  4 black mambas
  5 toenail golems (Volcano)
  10 vault sentinels
  32 spiny frogs
  2 kobold demonologists
  2 rime drakes
  39 yaktaurs
  A yaktaur zombie (Vaults:4)
  7 freezing wraiths
  7 komodo dragons
  2 human skeletons
  A meliai (shapeshifter) (D:13)
  3 swamp worm zombies (Swamp:4)
  3 hydra zombies (Swamp:4)
  2 queen bees (shapeshifter) (Vaults:3)
  2 jumping spiders (shapeshifter)
  A tengu conjurer (D:15)
  3 meliai (D:14)
  10 tyrant leeches
  A troll (shapeshifter) (Vaults:4)
  4 trolls
  A queen bee (Lair:2)
  5 alligator zombies (Swamp:4)
  15 hornets
  25 slime creatures
  9 bog bodies
  7 hippogriffs
  A meliai zombie (D:13)
  2 spectral swamp dragons (Swamp:4)
  21 blink frogs
  An ettin skeleton (Vaults:4)
  6 shadows
  A tarantella (shapeshifter) (D:15)
  A yak (shapeshifter) (Vaults:1)
  7 wraiths
  4 wyverns
  65 yaks
  29 vampire mosquitoes
  2 human simulacra
  5 hungry ghosts
  Grum (Lair:1)
  17 insubstantial wisps
  8 wargs
  16 swamp worms
  Menkaure (D:7)
  A soldier ant (D:14)
  A naga (Lair:4)
  7 water moccasins
  A slave (D:7)
  8 swamp drakes
  5 porcupines
  2 ice beasts
  6 sky beasts
  42 orc warriors
  An eye of draining (shapeshifter) (D:14)
  4 swamp dragon zombies (Swamp:4)
  2 black bears
  2 necrophages
  An ogre (shapeshifter) (D:15)
  10 boggarts
  9 phantoms
  2 eyes of draining
  33 ogres
  16 wolves
  15 centaurs
  10 crocodiles
  A human zombie (Vaults:2)
  7 big kobolds
  A gnoll sergeant (D:7)
  A glowing shapeshifter simulacrum (Vaults:2)
  26 bullfrogs
  A wyvern skeleton (D:11)
  2 wyvern zombies
  4 scorpions
  A water moccasin skeleton (D:8)
  An orc simulacrum (Vaults:2)
  47 killer bees
  13 wights
  9 howler monkeys
  7 electric eels
  A bullfrog zombie (D:13)
  6 crimson imps
  3 quasits (D:11)
  4 jellies
  3 centaur zombies
  19 orc priests
  8 hounds
  8 centaur skeletons
  18 orc wizards
  6 bullfrog skeletons
  4 iguanas
  Ijyb (D:3)
  A spectral swamp drake (Swamp:4)
  8 worker ants
  3 hound zombies
  8 gnolls
  10 adders
  4 shadow imps
  An ooze (D:4)
  5 worms
  6 leopard geckos
  106 orcs
  A ball python (D:3)
  4 bats
  5 giant cockroaches
  10 goblins
  10 hobgoblins
  9 jackals
  19 kobolds
  5 quokkas
  5 frilled lizards
  A leopard gecko skeleton (D:9)
  A leopard gecko zombie (D:8)
  5 rats
  A spectral orc (D:6)
  A fungus (Lair:5)
  A plant (Lair:2)
1331 creatures vanquished.

Vanquished Creatures (collateral kills)
  Asterion (Vaults:3)
  A killer bee (D:7)
2 creatures vanquished.

Vanquished Creatures (others)
  An ironbrand convoker (Vaults:4)
  A yaktaur (Vaults:1)
  A komodo dragon (Swamp:4)
  A yak (Lair:4)
  A hog (shapeshifter) (Vaults:1)
  An insubstantial wisp (Swamp:4)
  A slave (D:7)
  2 boggarts
  An ogre (Orc:2)
  2 centaurs (D:15)
  2 killer bees (D:13)
  A gnoll (D:7)
  7 fulminant prisms
  23 fungi
  35 plants
80 creatures vanquished.

Grand Total: 1413 creatures vanquished

Notes
Turn   | Place    | Note
-------+----------+-------------------------------------------
     0 | D:1      | FessEmpty the Kobold Enchanter began the quest for the Orb.
     0 | D:1      | Reached XP level 1. HP: 10/10 MP: 3/3
     2 | D:1      | Noticed a demonspawn
     2 | D:1      | Noticed a troll
     4 | D:1      | Noticed an ogre
     4 | D:1      | Noticed a formicid
     7 | D:1      | Noticed a merfolk
     9 | D:1      | Noticed a dwarf
     9 | D:1      | Noticed a draconian
    11 | D:1      | Noticed an octopode
    11 | D:1      | Noticed a ghoul
    13 | D:1      | Noticed a centaur
    13 | D:1      | Noticed a vampire
    15 | D:1      | Noticed a tengu
    17 | D:1      | Noticed a gargoyle
    17 | D:1      | Noticed a vine stalker
    19 | D:1      | Noticed a felid
    21 | D:1      | Noticed a minotaur
    23 | D:1      | Noticed a naga
    23 | D:1      | Noticed a halfling
    25 | D:1      | Noticed an elf
    25 | D:1      | Noticed a demigod
    27 | D:1      | Noticed a spriggan
    27 | D:1      | Noticed a human
   282 | D:1      | Reached XP level 2. HP: 12/15 MP: 3/5
   470 | D:1      | Learned a level 2 spell: Ensorcelled Hibernation
   763 | D:1      | Reached XP level 3. HP: 18/19 MP: 1/6
   891 | D:1      | Reached skill level 1 in Ice Magic
  1274 | D:2      | Learned a level 3 spell: Confusing Touch
  1363 | D:2      | Reached XP level 4. HP: 24/24 MP: 1/7
  1982 | D:2      | Found a shattered altar of Ashenzari.
  1992 | D:2      | Became a worshipper of Ashenzari the Shackled
  2022 | D:2      | Reached XP level 5. HP: 24/28 MP: 1/8
  2138 | D:2      | Found a stormy altar of Qazlal.
  2531 | D:2      | Found a burning altar of Makhleb.
  3437 | D:3      | Found a shimmering altar of Xom.
  3484 | D:3      | Reached XP level 6. HP: 32/32 MP: 0/9
  3951 | D:3      | Noticed Ijyb
  3958 | D:3      | Killed Ijyb
  3958 | D:3      | Reached skill level 5 in Stealth
  4355 | D:4      | Found a runed translucent gate.
  4355 | D:4      | Found a runed translucent gate.
  4356 | D:4      | Found a runed translucent gate.
  4359 | D:4      | Noticed night's ghost (amateur GrAs)
  4370 | D:4      | Identified Sif Muna's Tome of Venom and the Rocks
  4378 | D:4      | Learned a level 3 spell: Dazzling Flash
  4809 | D:4      | Reached XP level 7. HP: 30/36 MP: 10/10
  4829 | D:4      | Reached skill level 1 in Conjurations
  5065 | D:4      | Reached skill level 6 in Stealth
  5648 | D:5      | Entered Level 5 of the Dungeon
  5733 | D:5      | Found a hazy altar of Hepliaklqana.
  5781 | D:5      | Reached XP level 8. HP: 41/41 MP: 4/11
  6314 | D:6      | Found a staircase to the Ecumenical Temple.
  6330 | D:6      | Reached skill level 5 in Hexes
  6360 | D:6      | Found a shadowy altar of Dithmenos.
  6441 | D:6      | Reached * piety under Ashenzari
  6460 | D:6      | Reached skill level 5 in Short Blades
  6460 | D:6      | Reached skill level 5 in Dodging
  6677 | D:6      | Reached skill level 7 in Stealth
  7640 | D:6      | Found a snail-covered altar of Cheibriados.
  7725 | D:6      | Found a basalt altar of Yredelemnul.
  8347 | D:7      | Noticed a hippogriff
  8563 | D:7      | Reached XP level 9. HP: 39/45 MP: 12/12
  8991 | D:7      | Noticed Menkaure
  9000 | D:7      | Killed Menkaure
  9138 | D:7      | Reached skill level 5 in Conjurations
  9158 | D:7      | Noticed Pikel
  9188 | D:7      | Killed Pikel
  9188 | D:7      | Reached skill level 8 in Stealth
  9297 | D:7      | Found Oppain's General Store.
  9306 | D:7      | Bought a +2 pair of gloves of dexterity for 258 gold pieces
  9636 | D:8      | Noticed Joseph
  9642 | D:8      | Killed Joseph
  9684 | D:8      | Found a roughly hewn altar of Beogh.
  9695 | D:8      | Reached XP level 10. HP: 47/50 MP: 9/16
  9709 | D:8      | Reached skill level 9 in Stealth
  9737 | D:8      | Found a sparkling altar of Nemelex Xobeh.
 10327 | D:8      | Found Katoan's Antique Weapon Emporium.
 10679 | D:8      | Reached ** piety under Ashenzari
 10819 | D:8      | Found a glowing silver altar of Zin.
 11088 | D:9      | Noticed a two-headed ogre
 11181 | D:9      | Found Osmuat's Weapon Boutique.
 11230 | D:9      | Reached skill level 5 in Spellcasting
 11363 | D:9      | Killed a two-headed ogre
 11363 | D:9      | Reached skill level 10 in Stealth
 11381 | D:9      | Noticed a manticore
 11384 | D:9      | Killed a manticore
 11486 | D:9      | Found an iron altar of Okawaru.
 11610 | D:9      | Reached XP level 11. HP: 39/54 MP: 13/19
 11695 | D:9      | Learned a level 1 spell: Apportation
 11700 | D:9      | Learned a level 4 spell: Leda's Liquefaction
 12343 | D:10     | Entered Level 10 of the Dungeon
 12410 | D:10     | Reached skill level 1 in Earth Magic
 12414 | D:10     | Reached skill level 1 in Translocations
 13429 | D:10     | Found a staircase to the Lair.
 13896 | D:10     | Reached *** piety under Ashenzari
 14002 | D:10     | Reached skill level 11 in Stealth
 14050 | D:10     | Noticed Josephine
 14242 | D:10     | Killed Josephine
 14785 | D:11     | Noticed a manticore
 14807 | D:11     | Killed a manticore
 14807 | D:11     | Reached skill level 1 in Fighting
 14807 | D:11     | Reached skill level 10 in Short Blades
 14838 | D:11     | Noticed a death knight
 15100 | D:11     | Reached XP level 12. HP: 62/62 MP: 5/22
 15727 | D:10     | Learned a level 4 spell: Hailstorm
 15757 | Lair:1   | Entered Level 1 of the Lair of Beasts
 15757 | Lair:1   | Noticed Grum
 15858 | Lair:1   | Killed Grum
 16255 | Lair:1   | Noticed Harold
 16264 | Lair:1   | Killed Harold
 16839 | Lair:2   | Reached skill level 10 in Dodging
 16930 | Lair:2   | Reached **** piety under Ashenzari
 17012 | Lair:2   | Reached skill level 12 in Stealth
 17103 | Lair:2   | Reached skill level 5 in Fighting
 17437 | Lair:2   | Reached XP level 13. HP: 73/73 MP: 8/24
 17502 | Lair:2   | Noticed a four-headed hydra
 17506 | Lair:2   | Killed a four-headed hydra
 17816 | Lair:3   | Found a gate leading to a gauntlet.
 17841 | Gauntlet | Entered a Gauntlet
 17841 | Gauntlet | Found a transporter.
 17849 | Gauntlet | Found a transporter.
 17851 | Gauntlet | Found a transporter.
 17859 | Gauntlet | Found a transporter.
 17861 | Gauntlet | Found a transporter.
 17873 | Gauntlet | Identified the +1 hat "Rupicro" {rCorr}
 17874 | Gauntlet | Found a transporter.
 17890 | Gauntlet | Found a transporter.
 17893 | Gauntlet | Identified the ring of Contentment {rF+ Str+7}
 17893 | Gauntlet | Noticed a green death
 17900 | Gauntlet | Found a transporter.
 17903 | Gauntlet | Identified the +1 pair of gloves of Berec {rPois Dex+3}
 17910 | Gauntlet | Found a transporter.
 17926 | Gauntlet | Found a transporter.
 17928 | Gauntlet | Found a transporter.
 17940 | Gauntlet | Identified the amulet of Jyoqin {Harm *Corrode *Drain rElec
                  | rC+ Int+5}
 17940 | Gauntlet | Found a transporter.
 18037 | Gauntlet | Found a transporter.
 18135 | Gauntlet | Noticed a minotaur
 18142 | Gauntlet | Identified the ring of Sin {*Tele Slay+2}
 18150 | Gauntlet | Identified Fuucafi's Volume of Augmentations
 18638 | Lair:3   | Noticed Snorg
 18645 | Lair:3   | Killed Snorg
 19038 | Lair:4   | Found a runed translucent gate.
 19038 | Lair:4   | Found a runed translucent gate.
 19038 | Lair:4   | Found a runed translucent gate.
 19058 | Lair:4   | Noticed a minotaur
 19063 | Lair:4   | Noticed night's ghost (journeyman DrVM)
 19407 | Lair:4   | Noticed a catoblepas
 19705 | Lair:4   | Found a staircase to the Snake Pit.
 19782 | Lair:4   | Noticed a five-headed hydra
 19783 | Lair:4   | Noticed a seven-headed hydra
 19800 | Lair:4   | Killed a five-headed hydra
 19847 | Lair:4   | Killed a seven-headed hydra
 19855 | Lair:4   | Found a staircase to the Swamp.
 19988 | Lair:5   | Found a dark tunnel.
 19992 | Volcano  | Entered a volcano
 20230 | Volcano  | Reached XP level 14. HP: 83/83 MP: 19/26
 20369 | Volcano  | Identified the cursed +1 scale mail of Mental Paralysis
                  | {SInv}
 20371 | Volcano  | Reached skill level 13 in Stealth
 20605 | Lair:5   | Reached ***** piety under Ashenzari
 20615 | Lair:5   | Reached skill level 5 in Ice Magic
 21105 | Lair:5   | Found a viscous altar of Jiyva.
 21105 | Lair:5   | Found a staircase to the Slime Pits.
 21359 | Lair:6   | Entered Level 6 of the Lair of Beasts
 21371 | Lair:5   | Reached skill level 10 in Hexes
 22453 | Lair:6   | Reached skill level 14 in Stealth
 22866 | Lair:6   | Found the amulet of Vitality {Regen+ HP+15}
 23623 | D:7      | Bought a scroll of acquirement for 624 gold pieces
 23623 | D:7      | Identified the cursed ring "Utrol" {Wiz +Inv} (You acquired
                  | it on level 7 of the Dungeon)
 23623 | D:7      | Identified the Collected Works on Attacks (You acquired it
                  | on level 7 of the Dungeon)
 23863 | Swamp:1  | Entered Level 1 of the Swamp
 23867 | Swamp:1  | Reached skill level 1 in Evocations
 23981 | Swamp:1  | Reached XP level 15. HP: 66/88 MP: 22/27
 24132 | Swamp:1  | Reached skill level 5 in Evocations
 25306 | Swamp:2  | Reached skill level 1 in Shields
 25860 | Swamp:3  | Reached skill level 5 in Shields
 26358 | Swamp:3  | Found a runed translucent door.
 26358 | Swamp:3  | Found a shimmering altar of Xom.
 26358 | Swamp:3  | Noticed Borgoz's ghost (adept GrBe)
 26739 | Swamp:4  | Entered Level 4 of the Swamp
 27002 | Swamp:4  | Reached XP level 16. HP: 94/94 MP: 25/28
 27057 | Swamp:4  | Identified the amulet "Fadeh" {Inacc MR+ Str+3}
 27288 | Swamp:4  | Reached skill level 15 in Stealth
 27434 | Swamp:4  | Identified the Reference Book on the Rocks and Heat
 27656 | Swamp:4  | Noticed a bone dragon
 27847 | Swamp:4  | Learned a level 2 spell: Passwall
 28372 | Swamp:4  | Got a decaying rune of Zot
 28595 | Lair:4   | Killed night's ghost
 28972 | Lair:2   | Found the +3 giant club "Skullcrusher" {speed, Str+7}
 29425 | D:11     | Identified the +8 battleaxe of Imminent Death {chop, +Rage
                  | rC+++ MR+ Stlth-}
 29800 | D:12     | Found a staircase to the Orcish Mines.
 29906 | D:12     | Found Enaofoir's Book Shop.
 30157 | D:12     | Reached skill level 10 in Fighting
 30217 | Orc:1    | Entered Level 1 of the Orcish Mines
 30225 | Orc:1    | Reached ****** piety under Ashenzari
 30511 | Orc:2    | Entered Level 2 of the Orcish Mines
 30546 | Orc:2    | Reached XP level 17. HP: 98/98 MP: 23/29
 30564 | Orc:2    | Reached skill level 16 in Stealth
 30827 | Orc:2    | Found Niaziod's Food Boutique.
 30986 | Orc:2    | Found Wuuppikate's Distillery.
 30986 | Orc:2    | Found Udifup's Magic Scroll Shop.
 31159 | Orc:2    | Found Delomu's Antique Weapon Emporium.
 31159 | Orc:2    | Found Riaded's General Store.
 31236 | Orc:2    | Found a staircase to the Elven Halls.
 31354 | Orc:2    | Found a roughly hewn altar of Beogh.
 31531 | Orc:2    | Bought a scroll of fear for 45 gold pieces
 31531 | Orc:2    | Bought a scroll of identify for 26 gold pieces
 31531 | Orc:2    | Bought a scroll of identify for 26 gold pieces
 31531 | Orc:2    | Bought a scroll of identify for 26 gold pieces
 31534 | Orc:2    | Bought a scroll of identify for 26 gold pieces
 31613 | D:12     | Bought a book of Power for 720 gold pieces
 31620 | D:12     | Learned a level 6 spell: Iron Shot
 31628 | D:12     | Learned a level 7 spell: Orb of Destruction
 32065 | D:13     | Reached skill level 1 in Transmutations
 32205 | D:13     | Reached skill level 15 in Short Blades
 32404 | D:13     | Found a gate to the Vaults.
 33508 | D:14     | Found Gofaek Puasch's Book Emporium.
 33517 | D:14     | Bought a book of Burglary for 900 gold pieces
 33651 | D:14     | Identified the cursed +1 quick blade of the Revolution
                  | {pierce, Str+6 Stlth-} (You acquired it on level 14 of the
                  | Dungeon)
 33665 | D:14     | Learned a level 4 spell: Passage of Golubria
 33816 | D:15     | Entered Level 15 of the Dungeon
 33868 | D:15     | Reached skill level 5 in Earth Magic
 33902 | D:15     | Gained mutation: Your magical capacity is low. (-10% MP)
                  | [mutagenic glow]
 34206 | D:15     | Reduced skill Ice Magic to level 1
 34239 | D:15     | Found a glowing golden altar of the Shining One.
 34356 | D:15     | Reached XP level 18. HP: 104/104 MP: 24/28
 34768 | D:15     | Found a staircase to the Depths.
 34917 | D:15     | Upgraded the game from 0.25-a0-399-gcf1075a8b3 to
                  | 0.25-a0-403-g49d089a364
 34917 | D:15     | Upgraded the game from 0.25-a0-403-g49d089a364 to
                  | 0.25-a0-404-gc1b5a34292
 34961 | Vaults:1 | Entered Level 1 of the Vaults
 35019 | Vaults:1 | Paralysed by a sphinx for 2 turns
 35105 | Vaults:1 | Found the +10 dark maul {crush}
 35217 | Vaults:1 | Learned a level 6 spell: Invisibility
 35319 | Vaults:1 | Reached skill level 10 in Spellcasting
 35983 | Vaults:1 | Reached skill level 15 in Dodging
 36284 | Vaults:1 | Reached XP level 19. HP: 113/113 MP: 27/30
 36935 | Vaults:2 | Identified the +1 ring mail of the Sailor {Slay+2 Stlth+}
 37703 | Vaults:2 | Reached skill level 10 in Conjurations
 37796 | Vaults:2 | Learned a level 2 spell: Blink
 37832 | Vaults:2 | Found Meokar's General Store.
 37872 | Vaults:2 | Bought a scroll of enchant weapon for 157 gold pieces
 38494 | Vaults:3 | HP: 3/128 [ogre mage/crystal spear (61)]
 38731 | Vaults:3 | Gained mutation: You are weak. (Str -2) [mutagenic glow]
 38762 | Vaults:3 | Found a staircase to the Crypt.
 38788 | Vaults:3 | Paralysed by a vampire knight for 4 turns
 38798 | Vaults:3 | Reached skill level 17 in Stealth
 38849 | Vaults:3 | Reached XP level 20. HP: 118/118 MP: 32/32
 39071 | Vaults:3 | Noticed Asterion
 39121 | Vaults:3 | Killed Asterion
 39500 | Vaults:3 | Gained mutation: You are dopey. (Int -2) [mutagenic glow]
 39566 | Vaults:3 | Noticed a tentacled monstrosity
 39569 | Vaults:3 | Killed a tentacled monstrosity
 40333 | Vaults:4 | Gained mutation: You are clumsy. (Dex -2) [mutagenic glow]
 40374 | Vaults:4 | Gained mutation: You are frail. (-10% HP) [mutagenic glow]
 41165 | Vaults:4 | Learned a level 4 spell: Fulminant Prism
 41393 | Vaults:4 | Reached XP level 21. HP: 110/110 MP: 33/33
 41831 | Vaults:5 | Entered Level 5 of the Vaults
 42085 | Depths:1 | Entered Level 1 of the Depths
 42189 | Depths:1 | Reached skill level 18 in Stealth
 42237 | Depths:1 | Noticed the Enchantress
 42495 | Depths:1 | Killed the Enchantress
 42499 | D:15     | Mangled by a spriggan defender

Levels and vault maps discovered:
D:1:      kb_arrival_jail, layout_basic, st_stairs_2
D:2:      layout_loops_ring, old_standard_altar, grunt_qazlal_sundering,
          lightli_temple_of_fire, first_ration, serial_co_window_serial,
          co_window_of_opportunity_a, co_window_paths_b, co_window_corner_a,
          co_window_corner_a, co_window_paths_b, co_window_paths_a,
          co_window_paths_a, co_window_2corner, co_window_broadway_b,
          co_window_broadway_b, co_window_of_opportunity_c,
          co_window_broadway_b, co_window_of_opportunity_b, glass_columns_b,
          glass_columns_b, glass_columns_a
D:3:      layout_loops_ring, nicolae_overflow_crystal_walls, uniq_ijyb
D:4:      layout_rooms, gammafunk_ghost_nasty_kobolds
D:5:      layout_loops_ring, kennysheep_mini
D:6:      layout_loops_ring, old_standard_altar, nicolae_overflow_hidden_temple,
          yredelemnul_forgotten_temple_becter, minmay_temple_entry_glassed_door,
          corexii_corridor_pit, minivault_26
D:7:      layout_loops_ring, serial_shops, nicolae_shop_crystal,
          grunt_ogre_cave, grunt_ministairs_8, uniq_menkaure, uniq_pikel
D:8:      layout_basic, kennysheep_mini_moat, kennysheep_little_box,
          special_room [special_room_orc], serial_shops, shop, uniq_joseph
D:9:      layout_loops_corners, okawaru_altar_gauntlet_db, serial_shops, shop
D:10:     layout_loops_ring, erik_lair_island, uniq_josephine
D:11:     minmay_the_grid_plus [minmay_the_grid_minigrid_medium,
          minmay_the_grid_slots, minmay_the_grid_tree,
          minmay_the_grid_spin_star, minmay_the_grid_prize_shrinking_boxes],
          layout_cross
D:12:     layout_cave_pools, david_orc_4, serial_shops, shop_fountains,
          serial_park, serial_park_square3 [serial_park_minivault_5x5_6]
D:13:     layout_loops_ring, hangedman_vaults_entry_quadrant_bands
D:14:     layout_cave_pools, minmay_misc_feat_ornament, serial_shops,
          nicolae_shop_temple_entry_statues_fountains
D:15:     gammafunk_enter_depths_forms, layout_rooms,
          chequers_serial_rivers_micro_d, basic_altar
Lair:1:   layout_chaotic_city, eino_small_chamber_without_monster, uniq_harold,
          uniq_grum
Lair:2:   layout_roguey, special_room [special_room_bee], grunt_megastairs_2,
          infiniplex_staircase_pool_2, minmay_lair_oklob_chamber
Lair:3:   layout_cave_pods, gauntlet_entry_generic, uniq_snorg
Lair:4:   layout_roguey, palyth_hydra_swamp_entry, guppyfry_snake_entry_garden,
          maelrawn_ghost_gauntlet_escape, beast_lair_carwin_8
Lair:5:   layout_loops_ring, dpeg_slime_entry_enclosed_altar,
          nicolae_volcano_entry_hallway
Lair:6:   minmay_lair_end_frog_pond, layout_cave_pods, lemuel_fruit_tree
Swamp:1:  layout_basic_swamp, nicolae_swamp_trees_clearing
Swamp:2:  layout_basic_swamp, infiniplex_staircase_pool
Swamp:3:  layout_basic_swamp, ebering_ghost_xom, evilmike_swamp_ruin_house_1
Swamp:4:  swamp_pestilence, layout_basic_swamp
Orc:1:    layout_caves, nicolae_orc_flooded_monolith
Orc:2:    st_orc_town, layout_caves, serial_shops, nicolae_shop_stone
Vaults:1: nicolae_vaults_little_squares_6, nicolae_vaults_twisting_passages,
          v_misc_29, ontoclasm_vaults_fault, ontoclasm_vaults_tryst,
          nicolae_vaults_theta, st_check, v_misc_30, vaults_room_boxed,
          grunt_vaults_twisty, v_alt_pattern_1, vaults_room_ringed_pool,
          nicolae_vaults_little_squares_5, vaults_room_stairs_pillars,
          layout_vaults_omnibox
Vaults:2: vaults_room_pools, nicolae_vaults_disjoint_gnomons,
          nicolae_vaults_what_the_h, st_lattice,
          nicolae_vaults_yaktaur_gun_rack, vaults_dpeg_spiral,
          vaults_dpeg_cross, layout_vaults_chaotic_city, serial_shops, shop
Vaults:3: grunt_vaults_funnel, v_rooms_4, vaults_room_semicircle,
          nicolae_vaults_little_squares_6, hangedman_vaults_cutoff,
          nicolae_vaults_network_square, vaults_room_grunt_arrival_checkpoint,
          minmay_crypt_entry_simple_box, kb_rosetta, nicolae_vaults_big_ls,
          nicolae_vaults_circle_grid_a, serial_ice_g, layout_vaults_maze,
          uniq_asterion
Vaults:4: grunt_vaults_bifocal, nicolae_vaults_windows_and_doors_thing,
          vaults_room_corners, v_misc_32, nicolae_vaults_sealed_display,
          nicolae_vaults_little_squares_2, vaults_mumra_hex, v_misc_16,
          vaults_dpeg_ring, vaults_standard_mumra_enter_the_diamond,
          layout_vaults_ring
Vaults:5: serial_shops
Depths:1: layout_gridlike, enter_ziggurat_c, grunt_hell_entry_dis_mu,
          kennysheep_donut, glass_columns_b, lightli_fourway_metalbox,
          serial_bayou_shore_b, grunt_megastairs_3, uniq_enchantress

Skill      XL: |  1  2  3  4  5  6  7  8  9 10 11 12 13 14 15 16 17 18 19 20 21 |
---------------+----------------------------------------------------------------+-----
Ice Magic      | 1 2 3 4 5 0 |  0.0
Hexes          | 4 5 6 7 8 9 10 11 12 13 14 | 14.3
Short Blades   | 2 3 4 5 7 8 10 11 13 14 15 16 17 | 17.6
Dodging        | 3 4 5 7 8 9 10 12 13 14 15 16 | 16.5
Stealth        | 5 6 7 8 10 11 12 14 15 16 17 18 | 18.0
Conjurations   | 2 4 5 6 7 8 9 10 11 12 | 12.1
Spellcasting   | 4 5 6 7 8 9 10 12 | 12.6
Earth Magic    | 2 6 8 |  8.8
Translocations | 3 |  3.5
Fighting       | 2 5 7 8 10 | 10.4
Evocations     | 4 8 |  8.0
Shields        | 5 |  5.7
Transmutations | 2 |  2.0

Action                   |  1- 3 |  4- 6 |  7- 9 | 10-12 | 13-15 | 16-18 | 19-21 || total
-------------------------+-------+-------+-------+-------+-------+-------+-------++-------
Melee: Dagger            |    84 |   205 |   343 |  1083 |   756 |       |       ||  2471
       Rapier            |       |       |       |       |   414 |  1831 |   904 ||  3149
Throw: Throwing net      |       |       |     2 |     2 |     2 |       |     1 ||     7
       Dart              |       |       |       |     3 |    21 |     6 |       ||    30
 Cast: Corona            |    20 |     7 |       |       |       |       |       ||    27
       Ensorcelled Hiber |     8 |    66 |    19 |       |     1 |       |       ||    94
       Confusing Touch   |     1 |     5 |    36 |   113 |   132 |   112 |    96 ||   495
       Dazzling Flash    |       |       |       |    28 |    30 |    12 |    19 ||    89
       Leda's Liquefacti |       |       |       |     3 |     3 |     4 |     7 ||    17
       Hailstorm         |       |       |       |       |    20 |       |       ||    20
       Apportation       |       |       |       |       |    15 |     2 |       ||    17
       Passwall          |       |       |       |       |       |     2 |     5 ||     7
       Iron Shot         |       |       |       |       |       |     3 |    22 ||    25
       Invisibility      |       |       |       |       |       |     3 |    16 ||    19
       Passage of Golubr |       |       |       |       |       |     1 |     6 ||     7
       Blink             |       |       |       |       |       |       |     4 ||     4
       Fulminant Prism   |       |       |       |       |       |       |     7 ||     7
Invok: Curse Item        |       |       |     3 |     2 |     3 |     1 |       ||     9
       Scrying           |       |       |       |       |       |     2 |       ||     2
       Transfer Knowledg |       |       |       |       |       |     1 |       ||     1
 Abil: Evoke Invisibilit |       |       |       |       |     8 |    25 |       ||    33
Evoke: Wand              |       |       |     7 |    34 |    31 |     1 |     8 ||    81
       Box of beasts     |       |       |       |       |     1 |       |       ||     1
       Lightning rod     |       |       |       |       |     8 |     7 |     1 ||    16
       Phantom mirror    |       |       |       |       |       |       |     1 ||     1
  Use: Scroll            |       |     1 |     4 |    19 |    14 |    18 |     5 ||    61
       Potion            |       |       |       |       |     1 |     2 |     1 ||     4
 Stab: Sleeping          |    11 |    38 |    18 |    20 |    30 |    61 |    48 ||   226
       Confused          |     1 |     6 |    32 |   109 |   127 |   126 |   110 ||   511
       Held in net/web   |       |       |     2 |     2 |     3 |       |       ||     7
       Distracted        |       |       |       |     3 |     5 |     7 |     2 ||    17
       Invisible         |       |       |       |    13 |    72 |   238 |    99 ||   422
  Eat: Chunk             |     8 |    19 |    21 |    32 |    33 |    46 |    35 ||   194
Armor: Robe              |     8 |     9 |       |       |       |       |       ||    17
       Leather armour    |       |    24 |    55 |    57 |       |       |       ||   136
       Troll leather arm |       |       |       |    34 |    76 |    97 |    36 ||   243
Dodge: Dodged            |    70 |   126 |   195 |   748 |   847 |   888 |   358 ||  3232
Block: Buckler           |       |       |       |       |    40 |   469 |   207 ||   716

Table legend:
 A = Non-vault XP
 B = Vault XP
 C = Vault XP percentage of total XP
 D = Non-vault monster count
 E = Vault monster count
 F = Vault count percentage of total count
                 A         B        C        D         E       F
            +---------+---------+-------+---------+---------+-------
      Total |  258187 |  172036 |  40.0 |     893 |     439 |  33.0
            +---------+---------+-------+---------+---------+-------
        D:1 |      33 |       3 |   8.3 |      20 |       2 |   9.1
        D:2 |     163 |       0 |   0.0 |      24 |       0 |   0.0
        D:3 |     188 |      35 |  15.7 |      32 |       1 |   3.0
        D:4 |     457 |       0 |   0.0 |      18 |       0 |   0.0
        D:5 |     303 |       0 |   0.0 |       9 |       0 |   0.0
        D:6 |     460 |       1 |   0.2 |      13 |       1 |   7.1
        D:7 |     784 |     826 |  51.3 |      14 |       4 |  22.2
        D:8 |     861 |    1239 |  59.0 |      15 |      26 |  63.4
        D:9 |    3131 |     258 |   7.6 |      28 |       8 |  22.2
       D:10 |    3623 |    2369 |  39.5 |      48 |       9 |  15.8
       D:11 |    4469 |    2940 |  39.7 |      38 |      15 |  28.3
       D:12 |    6500 |     993 |  13.3 |      33 |      21 |  38.9
       D:13 |   12087 |    8146 |  40.3 |      43 |      18 |  29.5
       D:14 |   11742 |       0 |   0.0 |      42 |       0 |   0.0
       D:15 |   13059 |    5262 |  28.7 |      44 |      12 |  21.4
     Lair:1 |    3081 |    1281 |  29.4 |      16 |       3 |  15.8
     Lair:2 |    4558 |    4032 |  46.9 |      20 |      26 |  56.5
     Lair:3 |    3195 |    1084 |  25.3 |      13 |       1 |   7.1
     Lair:4 |    5211 |    7445 |  58.8 |      18 |      16 |  47.1
     Lair:5 |    4405 |    1639 |  27.1 |      14 |       6 |  30.0
     Lair:6 |    7622 |    9558 |  55.6 |      25 |      40 |  61.5
    Swamp:1 |   10130 |       0 |   0.0 |      29 |       0 |   0.0
    Swamp:2 |   11809 |       0 |   0.0 |      30 |       0 |   0.0
    Swamp:3 |   12067 |       0 |   0.0 |      37 |       0 |   0.0
    Swamp:4 |   15092 |   12509 |  45.3 |      41 |      42 |  50.6
      Orc:1 |    2054 |     263 |  11.4 |       9 |       2 |  18.2
      Orc:2 |    3192 |    8910 |  73.6 |      30 |      54 |  64.3
   Vaults:1 |   27359 |   28334 |  50.9 |      43 |      36 |  45.6
   Vaults:2 |   22582 |   17035 |  43.0 |      37 |      22 |  37.3
   Vaults:3 |   35221 |   28059 |  44.3 |      56 |      36 |  39.1
   Vaults:4 |   31652 |   18825 |  37.3 |      53 |      24 |  31.2
   Depths:1 |    1097 |    4891 |  81.7 |       1 |       2 |  66.7
    Volcano |       0 |    5707 | 100.0 |       0 |      10 | 100.0
   Gauntlet |       0 |     392 | 100.0 |       0 |       2 | 100.0
            +---------+---------+-------+---------+---------+-------
